 Dungeon Crawl Stone Soup version 0.31-a0-1008-g5b978dac0e (webtiles) character file.

Game seed: 1844252083959728045

1 Chiseanne the Sneak (level 1, 0/11 HPs)
             Began as a Spriggan Delver on Nov 12, 2023.
             Slain by a hobgoblin (3 damage)
             ... on level 3 of the Dungeon.
             The game lasted 00:01:04 (218 turns).

Chiseanne the Sneak (Spriggan Delver)                Turns: 218, Time: 00:01:05

Health: 0/11       AC:  2    Str:  8    XL:     1   Next: 16%
Magic:  2/2        EV: 17    Int: 11    God:
Gold:   24         SH:  0    Dex: 16    Spells: 0/0 levels left

rFire   . . .        a - +0 short sword
rCold   . . .        (no shield)
rNeg    . . .        b - +0 robe
rPois   .            (helmet restricted)
rElec   .            (no cloak)
rCorr   .            (gloves unavailable)
SInv    +            (boots unavailable)
Will    .....        (no amulet)
Stlth   ++++         (no ring)
HPRegen 0.21/turn    (no ring)
MPRegen 0.08/turn

%: no passive effects
@: very quick
A: very small, no large weapons, unfitting armour, see invisible, speed 3
a: no special abilities


You were on level 3 of the Dungeon.
You visited 2 branches of the dungeon, and saw 4 of its levels.

You collected 24 gold pieces.

Inventory:

Hand Weapons
 a - a +0 short sword (weapon)
Armour
 b - a +0 robe (worn)
Jewellery
 j - a +6 ring of intelligence
Wands
 g - a wand of digging (3)
Scrolls
 c - a scroll of fog
 d - a scroll of revelation
 e - a scroll of fear
 h - 3 scrolls of poison {unknown}
 i - a scroll of enchant weapon {unknown}
Potions
 f - a potion of haste


   Skills:
 - Level 2.4 Fighting
 - Level 2.1 Short Blades
 + Level 2.7 Dodging
 * Level 7.3 Stealth


You couldn't memorise any spells.
You didn't know any spells.
Your spell library was empty.

Dungeon Overview and Level Annotations

Branches:
Dungeon (5/15)             Temple (1/1) D:5

Altars:
Ashenzari
Elyvilon
Fedhas
Gozag
Hepliaklqana
Makhleb
Qazlal
Sif Muna
Trog
Uskayaw
Xom
Yredelemnul


Innate Abilities, Weirdness & Mutations

You are very small and have problems with some larger weapons.
You are too small for most types of armour.
You have supernaturally acute eyesight. (SInv)
You cover ground extremely quickly. (Speed+++)


Message History

There are no items here.
You now have 24 gold pieces (gained 9).
There are no items here.
Things that are here:
a +6 ring of intelligence; a scroll labelled ZARUCU LISYILA
j - a +6 ring of intelligence
h - 3 scrolls labelled ZARUCU LISYILA (gained 1)
The orc wizard casts a spell at you. You resist with significant effort.
The orc wizard gestures wildly while chanting.
The orc wizard flickers and vanishes for a moment.
You hear a shout!
There is a stone staircase leading up here.
The orc wizard casts a spell at you.
You are confused.
In your confused state, you trip and fall back down the stairs.
The orc wizard gestures at you while chanting.
You are more confused.
In your confused state, you trip and fall back down the stairs.
You climb upwards.
Found a club and a glowing short sword.
There is a stone staircase leading down here.
You bump into the rock wall.
The hobgoblin shouts!
The hobgoblin hits you.
You hit the hobgoblin.
The hobgoblin is severely wounded.
You're too confused to move!
The hobgoblin misses you.
You bump into the rock wall.
The hobgoblin hits you.
You bump into the rock wall.
The hobgoblin hits you.
* * * LOW HITPOINT WARNING * * *
You bump into the rock wall.
The hobgoblin closely misses you.
You see here a +0 club.
You bump into the rock wall.
You feel less confused. The hobgoblin barely misses you.
You hit the hobgoblin but do no damage.
The hobgoblin is severely wounded.
The hobgoblin hits you.
You die... ############ #..@g...)... #.########## .. #. #

You could see a hobgoblin.

Vanquished Creatures
  A hobgoblin (D:4)
1 creature vanquished.

Notes
Turn   | Place    | Note
-------+----------+-------------------------------------------
     0 | D:5      | Chiseanne the Spriggan Delver began the quest for the Orb.
     0 | D:5      | Reached XP level 1. HP: 11/11 MP: 2/2
    14 | D:5      | Noticed a scorpion
    24 | D:5      | Found a staircase to the Ecumenical Temple.
    24 | D:5      | Noticed an iguana
    37 | Temple   | Entered the Ecumenical Temple
   116 | D:4      | Found a white marble altar of Elyvilon.
   137 | D:4      | Noticed a sleepcap
   144 | D:4      | Noticed an orc wizard
   144 | D:4      | Noticed an orc wizard
   218 | D:3      | Slain by a hobgoblin

Illustrated notes

Levels and vault maps discovered:
D:3:      layout_loops_ring, okawaru_altar_gauntlet_db,
          grunt_temple_overflow_open, nzn_wu_jian_contemplation, vehumet_statue,
          roderic_batcave, serial_bayou_pond_b, kennysheep_donut,
          kennysheep_cluttered_room, chequers_serial_rivers_marsh
D:4:      layout_rooms, mainiacjoe_overflow_paths
D:5:      lemuel_ratsnest, layout_layer_cave, nemelex_dance_club_becter,
          minmay_temple_entry_junction_2, kennysheep_potato
Temple:   bh_familiar_temple

Action                     || total
---------------------------++-------
  Melee: Short sword       ||     3
   Stab: Sleeping          ||     1
 Armour: Robe              ||     7
  Dodge: Dodged            ||     7

Table legend: (Time is in decaauts)
 A = Elapsed time spent in this place.
 B = Non-inter-level travel time spent in this place.
 C = Inter-level travel time spent in this place.
 D = Time resting spent in this place.
 E = Time spent auto-exploring this place.
 F = Levels seen in this place.
 G = Mean time per level.
                   A        B        C        D        E       F      G
               +--------+--------+--------+--------+--------+-----+--------+
         Total |    147 |    112 |     35 |     17 |      0 |   4 |   36.8 |
       Dungeon |    108 |    108 |      0 |     17 |      0 |   3 |   36.0 |
        Temple |     39 |      4 |     35 |      0 |      0 |   1 |   39.0 |
               +--------+--------+--------+--------+--------+-----+--------+

Top non-repeatable levels by time:
     D:4: 67 daAuts
  Temple: 39 daAuts
     D:5: 33 daAuts
     D:3: 8 daAuts
